 Dungeon Crawl Stone Soup version 0.25-b1-29-g4cfa5c7bda (webtiles) character file.

Game seed: 1799524722003817735, levelgen mode: deterministic

112 Edgeworth the Chopper (level 4, 0/40 HPs)
             Began as a Hill Orc Fighter on June 3, 2020.
             Succumbed to an adder's poison
             ... on level 2 of the Dungeon.
             The game lasted 00:03:01 (1448 turns).

Edgeworth the Chopper (Hill Orc Fighter)            Turns: 1448, Time: 00:03:01

Health: 0/40       AC: 12    Str: 19    XL:     4   Next: 93%
Magic:  4/4        EV:  5    Int:  8    God:
Gold:   82         SH:  9    Dex: 10    Spells: 3/3 levels left

rFire    x . .     SeeInvis .   a - +0 war axe
rCold    + . .     Gourm    .   c - +0 kite shield
rNeg     . . .     Faith    .   q - +0 chain mail
rPois    .         Spirit   .   (no helmet)
rElec    .         Reflect  .   (no cloak)
rCorr    .         Harm     .   (no gloves)
MR       .....                  i - +2 pair of boots
Stlth    ..........             h - amulet of inaccuracy (curse)
HPRegen  0.13/turn              o - ring of ice
MPRegen  0.09/turn              (no ring)

@: lethally poisoned (0 -> -4)
A: no striking features
a: no special abilities


You were on level 2 of the Dungeon.
You were not hungry.

You visited 1 branch of the dungeon, and saw 2 of its levels.

You collected 82 gold pieces.

Inventory:

Hand Weapons
 a - a +0 war axe (weapon)
Armour
 b - a +0 scale mail
 c - a +0 kite shield (worn)
 i - a +2 pair of boots (worn)
 q - a +0 chain mail (worn)
Jewellery
 h - a cursed amulet of inaccuracy (around neck)
 o - a ring of ice (left hand)
Scrolls
 e - a scroll of blinking
 l - a scroll of identify
Potions
 d - a potion of might
 j - 3 potions of flight
 k - a potion of lignification {unknown}
 m - a potion of berserk rage {unknown}
 n - a potion of ambrosia {unknown}
Comestibles
 f - 6 rations


   Skills:
 + Level 4.2 Fighting
 + Level 4.6 Axes
 + Level 3.9 Armour
 + Level 4.1 Shields


You had 3 spell levels left.
You didn't know any spells.
Your spell library was empty.

Dungeon Overview and Level Annotations

Branches:
Dungeon (2/15)

Altars:


Message History

You feel sick. The adder bites you but does no damage.
You barely miss the adder.
* * * LOW HITPOINT WARNING * * *
You feel sick. You block the adder's attack.
The adder bites you but does no damage.
You slash the adder!
You kill the adder!
* * * LOW HITPOINT WARNING * * *
You feel sick.
You slash the hobgoblin!
You kill the hobgoblin!
* * * LOW HITPOINT WARNING * * *
You feel sick.
You miss the kobold.
* * * LOW HITPOINT WARNING * * *
You feel sick. The kobold hits you but does no damage.
You closely miss the kobold. The kobold barely misses you.
You block the kobold's attack.
Your shield and chain mail prevent you from hitting the kobold.
You die...

### #.%. ..+ ... ##
#.. #.. #S# #K# #+#
#K# #.# #@### #.#
#...# ##.######
###.# ##.......# #.#
#.....##.# #.#
##...###.# #.#
######...###.#####<#
...................#
######.#.###.#######


You could see an adder and 2 kobolds.

Vanquished Creatures
  Terence (D:2)
  4 adders (D:2)
  4 dart slugs (D:1)
  A leopard gecko (D:1)
  4 goblins
  8 hobgoblins
  2 quokkas (D:2)
  6 bats
  2 frilled lizards
  5 kobolds
  8 rats
45 creatures vanquished.

Notes
Turn   | Place    | Note
-------+----------+-------------------------------------------
     0 | D:1      | Edgeworth the Hill Orc Fighter began the quest for the Orb.
     0 | D:1      | Reached XP level 1. HP: 19/19 MP: 1/1
    51 | D:1      | Reached XP level 2. HP: 22/27 MP: 2/2
   395 | D:1      | Reached XP level 3. HP: 31/33 MP: 3/3
   881 | D:2      | Noticed Terence
   906 | D:2      | Killed Terence
   906 | D:2      | Reached XP level 4. HP: 38/40 MP: 4/4
  1444 | D:2      | HP: 2/40 [poisoned by an adder]
  1448 | D:2      | Succumbed to an adder's poison

Illustrated notes

Levels and vault maps discovered:
D:1:      tarquinn_simple_flora_water_c, layout_loops_ring
D:2:      layout_loops_corners, item_on_display_b, uniq_terence

Skill      XL: |  1  2  3  4 |
---------------+-------------+-----
Axes           | 3 4 |  4.6
Fighting       | 4 |  4.2
Shields        | 4 |  4.1
Armour         | |  3.9

Action                   |  1- 3 |  4- 6 || total
-------------------------+-------+-------++-------
Melee: War axe           |   112 |   105 ||   217
  Use: Scroll            |       |     3 ||     3
  Eat: Chunk             |       |     2 ||     2
Armor: Scale mail        |    57 |    39 ||    96
       Chain mail        |       |    23 ||    23
Dodge: Dodged            |    39 |    37 ||    76
Block: Kite shield       |    84 |    48 ||   132
